 Dungeon Crawl Stone Soup version 0.27-a0-379-g34d631faf5 (console) character file.

Game seed: 4142100212307882168

(classic levelgen) 83 Duffy the Firebug (level 4, 0/33 HPs)
             Began as a Demigod Fire Elementalist on Feb 17, 2021.
             Slain by an orc wizard
             ... wielding a +0 short sword
              (3 damage)
             ... on level 3 of the Dungeon.
             The game lasted 00:02:19 (3274 turns).

Duffy the Firebug (Demigod Fire Elementalist)       Turns: 3274, Time: 00:02:20

Health: 0/33       AC:  7    Str:  9    XL:     4   Next: 2%
Magic:  8/10       EV: 12    Int: 21    God:
Gold:   159        SH:  0    Dex: 14    Spells: 6/7 levels left

rFire    . . .     SeeInvis .   (no weapon)
rCold    . . .     Faith    .   (no shield)
rNeg     . . .     Spirit   .   a - +0 robe
rPois    .         Reflect  .   e - +0 helmet
rElec    .         Harm     .   (no cloak)
rCorr    .         Rampage  .   (no gloves)
Will     .....                  (no boots)
Stlth    ++........             (no amulet)
HPRegen  0.11/turn              i - +4 ring of protection
MPRegen  0.12/turn              (no ring)

@: flying
A: high mp 1
a: no special abilities


You were on level 3 of the Dungeon.
You visited 1 branch of the dungeon, and saw 3 of its levels.

You collected 159 gold pieces.

Inventory:

Armour
 a - a +0 robe (worn)
 e - a +0 helmet (worn)
Jewellery
 i - a +4 ring of protection (left hand)
Scrolls
 b - 3 scrolls of noise {unknown}
 d - a scroll of blinking {unknown}
 f - 2 scrolls of fog {unknown}
 g - a scroll of teleportation {unknown}
 k - a scroll of enchant armour {unknown}
 m - a scroll of amnesia {unknown}
Potions
 j - a potion of curing
 l - a potion of flight


   Skills:
 - Level 1.7 Dodging
 - Level 1.7 Stealth
 + Level 2.2 Spellcasting
 + Level 3.0 Conjurations
 + Level 3.1 Fire Magic


You had 6 spell levels left.
You knew the following spells:

 Your Spells              Type           Power        Failure   Level
h - Foxfire               Conj/Fire      60%          4%          1

Your spell library contained the following spells:

 Spells                   Type           Power        Failure   Level
 Conjure Flame            Conj/Fire      15%          12%         3
 Inner Flame              Hex/Fire       8%           22%         3
 Sticky Flame             Conj/Fire      15%          38%         4
 Fireball                 Conj/Fire      7%           75%         5


Dungeon Overview and Level Annotations

Branches:
Dungeon (3/15)


Innate Abilities, Weirdness & Mutations

You have an increased reservoir of magic. (+10% MP)


Message History

The orc wizard casts a spell at you.
You are more confused.
The orc priest calls upon Beogh to heal the orc wizard.
The orc wizard's wounds heal themselves!
You bump into the rock wall.
The orc wizard hits you but does no damage.
The orc priest barely misses you.
You bump into the rock wall.
The orc wizard misses you.
The orc priest looks satisfied for a moment.
You feel less attractive to monsters.
You hit the orc wizard but do no damage.
The orc wizard hits you but does no damage.
The orc priest closely misses you.
You bump into the rock wall.
The orc wizard misses you. The orc priest barely misses you.
You bump into the rock wall.
The orc wizard gestures at you while chanting.
You resist with some effort.
You bump into the rock wall.
You feel less confused.
The orc priest hits you but does no damage.
The orc wizard casts a spell at you. You resist with some effort.
You hit the orc wizard but do no damage.
The orc wizard closely misses you.
The orc priest hits you from afar with a +0 trident.
* * * LOW HITPOINT WARNING * * *
Cast which spell? (? or * to list)
You conjure some foxfire!
The orc wizard barely misses you.
The orc priest looks braver for a moment.
Unknown command.
Cast which spell? (? or * to list) Nothing appears to happen.
The foxfire hits the orc wizard.
The orc wizard is lightly wounded.
The orc wizard completely misses you. The orc priest barely misses you.
Unknown command.
Cast which spell? (? or * to list)
You conjure some foxfire!
The orc wizard hits you with a +0 short sword.
You die...

###########.# #.# #[#
##########.############
#..........#..........#
#........#.#.########.#
#.######..%#.##### #.#
#....oooov# #)#
#.#.#.###@# #.# #.....#
#v# #.#
###...###.####.# ##.##
#####.....(.....# .....
.......###.###### ##.##
#...###.####### ##
#......>....... .#
#...###....(### .#
#....######.#


You could see an orc priest, an orc wizard (ally target) and 2 orcs.

Vanquished Creatures
  A gnoll (D:1)
  2 adders
  A worm (D:2)
  2 dart slugs
  An orc (D:3)
  8 bats
  3 giant cockroaches
  4 goblins
  10 hobgoblins
  A ball python (D:1)
  4 frilled lizards
  2 kobolds (D:2)
  8 rats
47 creatures vanquished.

Vanquished Creatures (others)
  284 foxfires
284 creatures vanquished.

Grand Total: 331 creatures vanquished

Notes
Turn   | Place    | Note
-------+----------+-------------------------------------------
     0 | D:1      | Duffy the Demigod Fire Elementalist began the quest for the
                  | Orb.
     0 | D:1      | Reached XP level 1. HP: 14/14 MP: 5/5
    34 | D:1      | Reached skill level 1 in Conjurations
   464 | D:1      | Reached XP level 2. HP: 20/20 MP: 0/7
  1259 | D:1      | Reached XP level 3. HP: 26/26 MP: 5/8
  2283 | D:2      | Found a glowing golden altar of the Shining One.
  2755 | D:3      | Found a blossoming altar of Fedhas.
  3091 | D:3      | Reached XP level 4. HP: 33/33 MP: 7/10
  3274 | D:3      | Slain by an orc wizard

Illustrated notes

Levels and vault maps discovered:
D:1:      heliophobic_arrival_battle_scene, layout_basic, nrook_mini_vaults
D:2:      layout_rooms, hangedman_abyss_or_decor_stabs,
          nicolae_tso_carved_into_rock
D:3:      layout_loops_ring, lemuel_crystal_altar, minitemple, uniq_natasha

Skill      XL: |  1  2  3 |
---------------+----------+-----
Conjurations   | 2 3 |  3.0
Spellcasting   | 2 |  2.2
Fire Magic     | 3 |  3.1
Dodging        | |  1.7
Stealth        | |  1.7

Action                   |  1- 3 |  4- 6 || total
-------------------------+-------+-------++-------
Melee: Unarmed           |       |     9 ||     9
 Cast: Foxfire           |   178 |    17 ||   195
  Use: Potion            |       |     4 ||     4
Armor: Robe              |     8 |    10 ||    18
Dodge: Dodged            |    24 |    23 ||    47

Table legend: (Time is in decaauts)
 A = Elapsed time spent in this place.
 B = Non-inter-level travel time spent in this place.
 C = Inter-level travel time spent in this place.
 D = Time resting spent in this place.
 E = Time spent auto-exploring this place.
 F = Levels seen in this place.
 G = Mean time per level.
                   A        B        C        D        E       F      G
               +--------+--------+--------+--------+--------+-----+--------+
         Total |   3273 |   3238 |     35 |      0 |   2765 |   3 | 1091.0 |
       Dungeon |   3273 |   3238 |     35 |      0 |   2765 |   3 | 1091.0 |
               +--------+--------+--------+--------+--------+-----+--------+

Top non-repeatable levels by time:
     D:1: 1545 daAuts
     D:2: 1077 daAuts
     D:3: 650 daAuts
